 Dungeon Crawl Stone Soup version 0.29-a0-322-g68df515428 (webtiles) character file.

Game seed: 13778783966150642746

167542 spiderkeys the Tortoise (level 17, -1/140 (150) HPs)
             Began as a Barachi Abyssal Knight on Apr 9, 2022.
             Was the Champion of Lugonu.
             Slain by a wolf spider (10 damage)
             ... on level 3 of the Spider Nest.
             The game lasted 01:24:46 (40807 turns).

spiderkeys the Tortoise (Barachi Abyssal Knight)   Turns: 40807, Time: 01:24:47

HP:   -1/140 (150)  AC: 57    Str: 24 (25) XL:     17   Next: 92%
MP:   0/23          EV: 11    Int:  9      God:    Lugonu [******]
Gold: 1774          SH: 14    Dex: 20      Spells: 16/16 levels left

rFire   . . .      SeeInvis +   U - +3 long sword (venom)
rCold   . . .      Faith    .   y - +1 buckler of Duofigogius {Str+8}
rNeg    . . .      Spirit   +   n - +13 crystal plate armour of Nihilism {rElec Int-3 SInv, rare}
rPois   +          Reflect  +   M - +2 hat of the Bear Spirit {Spirit, *Rage Will++}
rElec   +          Harm     .   R - +2 cloak {rPois}
rCorr   +          Rampage  .   w - +2 pair of gloves {Str+3}
Will    +++..      Rage     20% W - +2 pair of boots {Stlth+}
Stlth   ..........              I - amulet of reflection
HPRegen 0.33/turn               L - ring of Conformity {Fly rCorr}
MPRegen 0.18/turn               O - +4 ring of protection

@: on berserk cooldown, flying, slowed, drained, very slow
A: amphibious, slowness 1, strong legs 2, +LOS, see invisible, electricity
resistance
a: Hop, Renounce Religion, Depart the Abyss, Bend Space, Banish, Corrupt, Enter
the Abyss, Brand Weapon With Distortion


You were on level 3 of the Spider Nest.
You worshipped Lugonu.
Lugonu was exalted by your worship.
You visited 4 branches of the dungeon, and saw 27 of its levels.
You visited the Abyss 1 time.
You visited 1 bazaar.
You also visited: Trove, Sewer, Bailey and Gauntlet.

You collected 3388 gold pieces.
You spent 1614 gold pieces at shops.


Innate Abilities, Weirdness & Mutations

You are amphibious.
You cover ground slowly.
You can hop long distances.
You have an extended range of vision and can be seen from far away.
You have supernaturally acute eyesight. (SInv)
You are resistant to electric shocks. (rElec)


   Skills:
 + Level 18.2 Fighting
 - Level 14.0 Long Blades
 * Level 20.7 Armour
 - Level 10.1 Dodging
 + Level 12.3 Shields
 - Level 9.0 Invocations
 + Level 5.0 Evocations


You had 16 spell levels left.
You didn't know any spells.
Your spell library contained the following spells:

 Spells                   Type           Power      Damage    Failure   Level
 Animate Skeleton         Necr           0%         N/A       100%        1
 Apportation              Tloc           0%         N/A       100%        1
 Beastly Appendage        Tmut           0%         N/A       100%        1
 Foxfire                  Conj/Fire      0%         2x1d4     100%        1
 Freeze                   Ice            0%         1d3       100%        1
 Pain                     Necr           0%         1d4       100%        1
 Sting                    Tmut/Pois      0%         1d3       100%        1
 Poisonous Vapours        Pois/Air       0%         N/A       100%        2
 Static Discharge         Conj/Air       0%         N/A       100%        2
 Wereblood                Tmut           0%         N/A       100%        2
 Call Canine Familiar     Summ           0%         N/A       100%        3
 Conjure Flame            Conj/Fire      0%         6-21      100%        3
 Dazzling Flash           Conj/Hex       0%         N/A       100%        3
 Frozen Ramparts          Ice            0%         1d2       100%        3
 Inner Flame              Hex/Fire       0%         N/A       100%        3
 Portal Projectile        Hex/Tloc       0%         N/A       100%        3
 Spider Form              Tmut/Pois      0%         N/A       100%        3
 Stone Arrow              Conj/Erth      0%         3d7       100%        3
 Vampiric Draining        Necr           0%         2d6       100%        3
 Animate Armour           Summ/Erth      0%         N/A       100%        4
 Dispel Undead            Necr           0%         3d6       100%        4
 Flame Wave               Conj/Fire      0%         2d4       100%        4
 Hailstorm                Conj/Ice       0%         3d3       100%        4
 Ice Form                 Ice/Tmut       0%         N/A       100%        4
 Iskenderun's Mystic Bla  Conj/Tloc      0%         2d3       100%        4
 Leda's Liquefaction      Hex/Erth       0%         N/A       100%        4
 Olgreb's Toxic Radiance  Pois           0%         N/A       100%        4
 Sticky Flame             Conj/Fire      0%         2d3       100%        4
 Agony                    Necr           0%         N/A       100%        5
 Alistair's Intoxication  Tmut/Pois      0%         N/A       100%        5
 Blade Hands              Tmut           0%         N/A       100%        5
 Excruciating Wounds      Necr           0%         N/A       100%        5
 Silence                  Hex/Air        0%         N/A       100%        5
 Summon Forest            Summ/Tloc      0%         N/A       100%        5
 Death Channel            Necr           0%         N/A       100%        6
 Dispersal                Tloc           0%         N/A       100%        6
 Eringya's Noxious Bog    Tmut/Pois      0%         N/A       100%        6
 Iron Shot                Conj/Erth      0%         9d1       100%        6
 Simulacrum               Ice/Necr       0%         N/A       100%        6
 Starburst                Conj/Fire      0%         6d3       100%        6
 Summon Hydra             Summ           0%         N/A       100%        7
 Disjunction              Tloc           0%         N/A       100%        8
 Death's Door             Necr           0%         N/A       100%        9

Inventory:

Hand Weapons
 k - a +4 scimitar of flaming
   (You took it off an efreet on level 13 of the Dungeon)
 F - a +3 long sword of holy wrath
   (You took it off Urug on level 9 of the Dungeon)
 U - a +3 long sword of venom (weapon)
   (You subdued it on level 13 of the Dungeon)
Missiles
 c - 6 throwing nets {=f!f}
 D - 11 curare-tipped darts {=f}
 S - 23 javelins
Armour
 b - a +1 tower shield of fire resistance
   (You found it in a Gauntlet)
 n - the +13 crystal plate armour of Nihilism (worn) {rElec Int-3 SInv, rare}
   (You found it in a treasure trove)

   Int:       It affects your intelligence (-3).
   rElec:     It insulates you from electricity.
   SInv:      It lets you see invisible.
 w - a +2 pair of gloves of strength (worn)
   (You found it in a treasure trove)
 y - the +1 buckler of Duofigogius (worn) {Str+8}
   (You found it in a treasure trove)

   Str:       It affects your strength (+8).
 M - the +2 hat of the Bear Spirit (worn) {Spirit, *Rage Will++}
   (You found it in a treasure trove)

   Going berserk makes the wearer tougher, and they're slowed less afterward.
   *Rage:     It berserks you when you make melee attacks (+20% chance).
   Will:      It greatly increases your willpower.
 R - a +2 cloak of poison resistance (worn)
   (You found it in a treasure trove)
 W - a +2 pair of boots of stealth (worn)
   (You found it in a treasure trove)
 Y - the +3 warlock's mirror {reflect}
   (You found it on level 10 of the Dungeon)

   It can block and reflect piercing ranged attacks and magical attacks against
   the wielder's willpower.
Jewellery
 C - a ring of protection from cold
   (You found it on level 5 of the Lair of Beasts)
 I - an amulet of reflection (around neck)
   (You found it on level 12 of the Dungeon)
 L - the ring of Conformity (left hand) {Fly rCorr}
   (You found it in a Gauntlet)

   [ring of flight]

   Fly:       It grants you flight.
   rCorr:     It protects you from acid and corrosion.
 O - a +4 ring of protection (right hand)
   (You found it on level 7 of the Dungeon)
Wands
 a - a wand of iceblast (22)
   (You found it on level 1 of the Lair of Beasts)
 q - a wand of polymorph (14)
   (You found it on level 7 of the Dungeon)
 A - a wand of acid (19)
   (You found it on level 2 of the Lair of Beasts)
 J - a wand of digging (13)
   (You found it on level 6 of the Dungeon)
 P - a wand of paralysis (2)
   (You found it on level 11 of the Dungeon)
 X - a wand of flame (37)
   (You found it on level 10 of the Dungeon)
Scrolls
 d - 4 scrolls of enchant weapon
 e - 5 scrolls of teleportation {@r4}
 g - 6 scrolls of enchant armour
 j - 3 scrolls of blinking {!r}
 l - 2 scrolls of holy word
 m - a scroll of brand weapon
 o - a scroll of summoning
 p - 5 scrolls of fear
 s - 11 scrolls of identify {@r1}
 H - 8 scrolls of magic mapping {!r}
 N - 8 scrolls of immolation {!r!r}
 Q - 2 scrolls of fog
 T - 2 scrolls of vulnerability {!r!r}
Potions
 h - 8 potions of mutation {!q}
 i - 2 potions of invisibility
 r - 5 potions of might
 t - 6 potions of lignification {!q}
 v - 2 potions of brilliance
 x - 2 potions of heal wounds {@q2}
 z - a potion of cancellation
 B - 13 potions of curing {@q1}
 K - 5 potions of attraction {!q}
 V - a potion of resistance
 Z - 2 potions of haste {@q3}
Miscellaneous
 f - a condenser vane (inert)
   (You found it in a bailey)
 u - a lightning rod (4/4)
   (You found it on level 6 of the Lair of Beasts)
 E - a phantom mirror
   (You found it on level 13 of the Dungeon)
 G - a box of beasts
   (You found it on level 1 of the Spider Nest)

Dungeon Overview and Level Annotations

Branches:
Dungeon (15/15)            Temple (0/1) D:4            Lair (6/6) D:8
  Swamp (0/4) Lair:4       Spider (4/4) Lair:2        Slime (0/5) Lair:6
    Orc (2/2) D:9             Elf (0/3) Orc:2        Vaults (0/5) D:13
 Depths (0/4) D:15          Sewer (visited)          Bailey (visited)
Gauntlet (visited)

Altars:
Ashenzari
Cheibriados
Dithmenos
Elyvilon
Fedhas
Hepliaklqana
Kikubaaqudgha
Nemelex Xobeh
Okawaru
Ru
Trog
Wu Jian
Zin
Beogh
Lugonu

Shops:
D:11 ?!([   Orc:2 (([=

Portals:
Abyss: D:3

...^###............#^####....###.
...###.........^.....##........#.
#.###.....y..........#...^....#..
### #......B.....^...#........###
# ###............##.#.......##. #
##.....B..^.###.##.....###. #
##....^..^.#####.##.#####..
#######^....#^.s####...#######...
#≈≈≈##..###.####@#.......##......
≈≈≈≈≈#### #..###..........^......
≈≈≈≈≈≈# ##.##.......#..........
≈###≈.## #.##....###...........
≈≈≈≈≈..##########.##..###........
≈###...#....#.# #...######^......
≈≈≈≈≈.#.......###.####..#........
#≈##...........#.........#.......
≈≈≈≈≈..........#.........##......


You could see a wolf spider (berserk, poisoned), a moth of wrath (very poisoned)
and 2 pharaoh ants.


Message History

😨 HP[-22]
You take 22 damage, and now have 87/286 hp.
You hit the pharaoh ant.
The tarantella touches you but does no damage.
The wolf spider hits you.
* * * LOW HITPOINT WARNING * * *
The wolf spider bites you.
* * * LOW HITPOINT WARNING * * *
The redback bites you but does no damage.
The pharaoh ant bites you!
* * * LOW HITPOINT WARNING * * *
The pharaoh ant barely misses you.
The moth of wrath bites you but does no damage. 😱 HP[-22]
You take 22 damage, and now have 65/286 hp.
You slash the wolf spider!
The wolf spider is poisoned.
The tarantella touches you but does no damage.
The redback bites you but does no damage.
The wolf spider hits you but does no damage.
The wolf spider misses you.
The pharaoh ant barely misses you. 😱 HP[+1]
You miss the pharaoh ant.
You kill the redback!
Lugonu accepts your kill. The tarantella touches you.
* * * LOW HITPOINT WARNING * * *
The pharaoh ant bites you.
* * * LOW HITPOINT WARNING * * *
The moth of wrath closely misses you. 😱 HP[-6]
You take 6 damage, and now have 60/286 hp.
You slash the tarantella! The tarantella barely misses you.
The wolf spider hits you but does no damage.
The wolf spider bites you but does no damage.
The pharaoh ant bites you.
* * * LOW HITPOINT WARNING * * *
You feel drained.
The pharaoh ant bites you but does no damage.
The tarantella closely misses you. 😱 HP[-5]
You now have 280 max hp (-6).
You closely miss the wolf spider.
The moth of wrath bites you but does no damage.
The wolf spider hits you.
* * * LOW HITPOINT WARNING * * *
The wolf spider bites you but does no damage.
The pharaoh ant bites you!
* * * LOW HITPOINT WARNING * * *
The tarantella touches you but does no damage.
The pharaoh ant bites you!
* * * LOW HITPOINT WARNING * * *
😱 HP[-20] MP[-1]
You take 20 damage, and now have 35/280 hp.
You lost 1 mp, and now have 0/23 mp.
The tarantella attacks as you move away!
The tarantella closely misses you. The moth of wrath barely misses you.
The pharaoh ant bites you but does no damage.
The pharaoh ant barely misses you.
You see here a redback corpse.
You're too confused to move!
You feel a strong urge to attack something.
You are no longer berserk.
You are exhausted.
You feel yourself slow down. The tarantella misses you.
The tarantella touches you but does no damage.
The pharaoh ant misses you.
The moth of wrath bites you but does no damage.
The pharaoh ant bites you but does no damage. 😱 HP[-17]
You now have 140 max hp (-140).
You feel better.
The tarantella touches you but does no damage.
The tarantella closely misses you. The pharaoh ant misses you.
You block the pharaoh ant's attack.
The moth of wrath goads the wolf spider on!
The wolf spider goes berserk!
You block the tarantella's attack. The wolf spider barely misses you.
The wolf spider bites you but does no damage.
The pharaoh ant bites you.
* * * LOW HITPOINT WARNING * * *
The pharaoh ant closely misses you.
The moth of wrath bites you but does no damage. 😱 HP[+1] Really read
j - 4 scrolls of blinking {!r}?
Blink to where?
Press: ? - help, Dir - move target
As you read the scroll of blinking {!r}, it crumbles to dust.
The tarantella rages. 😱 MP[+1]
You feel much better. 😨 HP[+26]
You regained 26 hp, and now have 45/140 hp.
The tarantella is no longer berserk.
The wolf spider hits you!!
* * * LOW HITPOINT WARNING * * *
The wolf spider bites you but does no damage.
You block the wolf spider's attack. The wolf spider bites you!
* * * LOW HITPOINT WARNING * * *
The wolf spider closely misses you. The wolf spider bites you!
You die...

Skill      XL: |  1  2  3  4  5  6  7  8  9 10 11 12 13 14 15 16 17 |
---------------+----------------------------------------------------+-----
Fighting       | 4 5 6 7 8 10 11 12 14 15 17 18 | 18.2
Invocations    | 2 3 5 6 7 8 9 |  9.0
Long Blades    | 3 4 5 6 8 9 11 12 14 | 14.0
Armour         | 3 4 5 9 13 15 16 18 20 | 20.7
Dodging        | 2 3 4 5 7 8 10 | 10.1
Evocations     | 2 5 |  5.0
Shields        | 2 7 8 10 12 | 12.3

Action                   |  1- 3 |  4- 6 |  7- 9 | 10-12 | 13-15 | 16-18 || total
-------------------------+-------+-------+-------+-------+-------+-------++-------
Melee: Falchion          |    87 |    42 |       |    76 |       |       ||   205
       Whip              |       |    89 |   351 |   251 |       |       ||   691
       Punch             |       |     3 |     5 |     1 |       |       ||     9
       Great sword       |       |       |       |   205 |       |       ||   205
       Scimitar          |       |       |       |   168 |   767 |   763 ||  1698
       Long sword        |       |       |       |       |       |   700 ||   700
 Fire: Hunting sling     |    10 |       |       |   332 |       |       ||   342
Throw: Dart              |       |     1 |     9 |    35 |     1 |     1 ||    47
       Boomerang         |       |       |       |     7 |       |       ||     7
       Throwing net      |       |       |       |       |     1 |       ||     1
Invok: Bend Space        |       |       |     3 |     7 |       |     6 ||    16
       Banish            |       |       |       |     1 |       |       ||     1
 Abil: Hop               |       |       |     4 |     8 |     1 |     1 ||    14
Evoke: Wand              |       |       |     8 |    33 |     2 |     1 ||    44
       Condenser vane    |       |       |       |     1 |     1 |     2 ||     4
       Phantom mirror    |       |       |       |       |     2 |       ||     2
       Lightning rod     |       |       |       |       |       |     1 ||     1
  Use: Scroll            |     8 |       |     5 |    19 |     9 |     4 ||    45
       Potion            |       |       |    12 |     1 |     2 |     3 ||    18
 Stab: Confused          |       |       |       |     1 |       |    11 ||    12
       Sleeping          |       |       |       |     1 |       |       ||     1
Armor: Leather armour    |     6 |       |       |       |       |       ||     6
       Ring mail         |    34 |    45 |   182 |   143 |       |       ||   404
       Troll leather arm |       |       |       |    69 |       |       ||    69
       Crystal plate arm |       |       |       |   352 |   511 |  1399 ||  2262
Dodge: Dodged            |    89 |    79 |   381 |   785 |   297 |   779 ||  2410
Block: Buckler           |       |       |       |   178 |   397 |  1339 ||  1914
       Reflection        |       |       |       |     1 |     5 |    75 ||    81
       Tower shield      |       |       |       |       |       |    32 ||    32

Levels and vault maps discovered:
D:1:      dpeg_arrival_brainrot, layout_basic,
          shapermc_ecumenical_altar_starsandcircs, kennysheep_pointless_box,
          minivault_27, hangedman_abyss_or_decor_stabs
D:2:      layout_rooms, amcnicky_mini_pool_small, minmay_crystal_water
D:3:      due_chaos_kobolds, layout_loops_ring, jmf_multi_god_temple
D:4:      layout_cave_pools, minitemple, minmay_temple_entry_trees,
          serial_column_ruins, column_ruins_hut, column_ruins_hut,
          column_ruins_grid_1, column_ruins_corridor_straight,
          column_ruins_grid_1, column_ruins_grid_2, column_ruins_grid_1,
          column_ruins_grid_4, column_ruins_corridor_straight
D:5:      layout_cave_pools, mainiacjoe_overflow_catwalk, nrook_loot_triangle
D:6:      minmay_spotlight, layout_rooms, nicolae_ru_awakened_eye,
          nzn_hepliaklqana_mist_gate, portal_sewer_entry_a, serial_bayou_pond_d,
          serial_park_tiny_2, uniq_crazy_yiuf_cottage
D:7:      layout_basic
D:8:      layout_basic, mainiacjoe_overflow_alcove_2,
          nicolae_wu_jian_wuxing_cycle, dpeg_lair_monsters
D:9:      layout_basic, mainiacjoe_overflow_six_doors_small, orc_0_dummy,
          enter_bailey_3
D:10:     layout_irregular_city, lemuel_zombie_altar_kikubaaqudgha
D:11:     layout_loops_ring, serial_shops, bzr_firewalk, kennysheep_donut,
          minmay_shop_grid_forest
D:12:     minmay_separated_statues, layout_rooms, special_room
          [special_room_bee], fedhas_altar_4, uniq_jorgrun, uniq_erolcha,
          uniq_fannar, uniq_snorg
D:13:     layout_loops_cross, erik_vaults_1, nicolae_trove_entry_crystal,
          uniq_azrael
D:14:     layout_loops_ring, okawaru_gym_becter, grunt_decor_resistance,
          uniq_nessos
D:15:     grunt_enter_depths_hoard, layout_loops_corners
Lair:1:   layout_cave_pods, infiniplex_staircase_pool, serial_bayou_shore_a
Lair:2:   layout_regular_city, spider_nest_entry_funnel_web,
          gauntlet_entry_generic
Lair:3:   layout_small_grid, serial_bayou_shore_b, uniq_rupert
Lair:4:   layout_big_grid, nicolae_swamp_entry_splash_gauntlet,
          serial_bayou_shore_b
Lair:5:   layout_hall_layers, infiniplex_staircase_pool_2, grunt_megastairs_1
Lair:6:   minmay_lair_end_enchanted_forest, layout_long_grid,
          minmay_slime_entry_jelly_boxes, uniq_sonja
Spider:1: layout_chambers, nicolae_spider_twisty_arc_passages
Spider:2: layout_spider_delve, hive_lemuel
Spider:3: layout_chambers, nicolae_spider_moth_buddies,
          nicolae_spider_cling_halls
Spider:4: grunt_spider_rune_parallel, uniq_arachne
Orc:1:    layout_caves, kennysheep_orc_chapel, uniq_urug
Orc:2:    st_orc_rangers, layout_diamond_mine, basic_altar,
          gammafunk_ghost_smash

Notes
Turn   | Place    | Note
-------+----------+-------------------------------------------
     0 | Abyss:1  | spiderkeys the Barachi Abyssal Knight began the quest for
                  | the Orb.
     0 | Abyss:1  | Reached XP level 1. HP: 18/18 MP: 2/2
     0 | Abyss:1  | magus.rc [v1.11.3]
     5 | D:1      | You pass through the gate.
     5 | D:1      | Escaped the Abyss
   286 | D:1      | Found a faded altar of an unknown god.
   293 | D:1      | Reached XP level 2. HP: 25/25 MP: 3/3
  1041 | D:2      | Reached XP level 3. HP: 26/30 MP: 4/4
  1137 | D:2      | Reached skill level 4 in Fighting
  1137 | D:2      | Reached skill level 2 in Invocations
  1161 | D:2      | Reached skill level 3 in Long Blades
  1259 | D:2      | Reached skill level 3 in Armour
  1304 | D:2      | You pick up a book of Spectacle and begin reading...
  1304 | D:2      | You add the spells Dazzling Flash, Iskenderun's Mystic
                  | Blast and Starburst to your library.
  1496 | D:2      | Reached skill level 2 in Dodging
  1818 | D:3      | Found a large runed translucent door.
  1821 | D:3      | Found a large runed translucent door.
  1821 | D:3      | Found a corrupted altar of Lugonu.
  1863 | D:3      | Reached XP level 4. HP: 37/37 MP: 5/5
  1954 | D:3      | Found a snail-covered altar of Cheibriados.
  1955 | D:3      | Found a white marble altar of Elyvilon.
  2022 | D:3      | You pick up a book of the Hunter and begin reading...
  2022 | D:3      | You add the spells Call Canine Familiar, Portal Projectile
                  | and Leda's Liquefaction to your library.
  2059 | D:3      | Noticed a phantom
  2080 | D:3      | Killed a phantom
  2081 | D:3      | Reached XP level 5. HP: 39/43 MP: 6/6
  2245 | D:3      | Reached *** piety under Lugonu
  2326 | D:3      | Found a one-way gate to the infinite horrors of the Abyss.
  2928 | D:4      | Noticed an ice beast
  2952 | D:4      | Killed an ice beast
  2953 | D:4      | Reached skill level 4 in Long Blades
  2953 | D:4      | Reached skill level 4 in Armour
  2953 | D:4      | Reached skill level 3 in Dodging
  2953 | D:4      | Reached XP level 6. HP: 24/50 MP: 6/8
  3134 | D:4      | Found a glowing silver altar of Zin.
  3148 | D:4      | Found a sparkling altar of Nemelex Xobeh.
  3205 | D:4      | Reached skill level 3 in Invocations
  3334 | D:4      | Reached skill level 5 in Fighting
  3335 | D:4      | Found a staircase to the Ecumenical Temple.
  3594 | D:5      | Entered Level 5 of the Dungeon
  3674 | D:5      | Reached XP level 7. HP: 54/56 MP: 9/9
  3767 | D:5      | Found a broken altar of Ashenzari.
  3788 | D:5      | Noticed a vampire
  3821 | D:5      | Gained mutation: You have supernaturally acute eyesight.
                  | (SInv) [potion of mutation]
  3821 | D:5      | Gained mutation: You are resistant to electric shocks.
                  | (rElec) [potion of mutation]
  3822 | D:5      | HP: 13/56 [orc priest/divine providence (10)]
  4171 | D:5      | Banished a vampire
  4172 | D:5      | Reached skill level 5 in Long Blades
  4172 | D:5      | Reached skill level 5 in Armour
  4172 | D:5      | Reached skill level 4 in Dodging
  4211 | D:5      | Reached skill level 6 in Fighting
  4211 | D:5      | Reached XP level 8. HP: 49/64 MP: 10/10
  4495 | D:5      | Reached skill level 4 in Invocations
  4823 | D:6      | Found a sacrificial altar of Ru.
  4831 | D:6      | Reached skill level 6 in Long Blades
  4831 | D:6      | Reached skill level 5 in Dodging
  4935 | D:6      | HP: 15/65 [poisoned by a kobold brigand (curare-tipped
                  | dart)]
  4937 | D:6      | Reached skill level 7 in Fighting
  4955 | D:6      | HP: 6/67 [white imp/puff of frost (9)]
  5329 | D:6      | Found a glowing drain.
  5355 | Sewer    | Entered a sewer
  5497 | Sewer    | Reached **** piety under Lugonu
  6066 | D:6      | Found a runed translucent door.
  6067 | D:6      | Noticed Crazy Yiuf
  6094 | D:6      | Reached skill level 5 in Invocations
  6094 | D:6      | Reached XP level 9. HP: 60/72 MP: 12/12
  6168 | D:6      | Reached skill level 7 in Long Blades
  6215 | D:6      | Reached skill level 6 in Dodging
  6739 | D:6      | Found a hazy altar of Hepliaklqana.
  6797 | D:6      | Killed Crazy Yiuf
  7003 | D:6      | HP: 16/72 [wight/+1 short sword of venom (7)]
  7012 | D:6      | HP: 13/71 [wight/+0 great sword (6)]
  7020 | D:6      | HP: 14/69 [wight/+0 great sword (9)]
  7020 | D:6      | HP: 3/67 [wight/+0 mace (7)]
  7024 | D:6      | Reached skill level 8 in Fighting
  7326 | D:7      | HP: 14/66 [poisoned by a water moccasin]
  7331 | D:7      | HP: 8/69 [poisoned by a water moccasin]
  7753 | D:7      | You add the spells Summon Forest, Eringya's Noxious Bog and
                  | Summon Hydra to your library.
  8187 | D:6      | Reached skill level 8 in Long Blades
  8264 | D:7      | Reached skill level 6 in Invocations
  8493 | D:8      | Noticed a death yak
  8493 | D:8      | Noticed a death yak
  8493 | D:8      | Noticed a hornet
  8590 | D:8      | Reached skill level 7 in Dodging
  8603 | D:8      | HP: 10/75 [orc priest/divine providence (14)]
  8896 | D:8      | Reached XP level 10. HP: 42/82 MP: 14/14
  9103 | D:8      | Found a shadowy altar of Dithmenos.
  9148 | D:8      | Noticed a death yak
  9148 | D:8      | Noticed a death yak
  9157 | D:8      | Noticed a death yak
  9159 | D:8      | Killed a death yak
  9160 | D:8      | Reached skill level 9 in Fighting
  9164 | D:8      | Killed a death yak
  9165 | D:8      | Reached skill level 9 in Long Blades
  9169 | D:8      | Killed a death yak
  9170 | D:8      | Reached skill level 8 in Dodging
  9171 | D:8      | Reached skill level 7 in Invocations
  9190 | D:8      | Found a staircase to the Lair.
  9205 | D:8      | Killed a death yak
  9206 | D:8      | Reached skill level 10 in Fighting
  9548 | D:8      | Found an ornate altar of the Wu Jian Council.
  9920 | D:8      | Killed a death yak
 10293 | D:9      | Reached XP level 11. HP: 61/92 MP: 16/16
 10311 | D:9      | Found a flagged portal.
 10499 | Bailey   | Entered a bailey
 10538 | Bailey   | Reached skill level 10 in Long Blades
 10543 | Bailey   | Reached ***** piety under Lugonu
 10939 | Bailey   | magus.rc [v1.11.3]
 11011 | Bailey   | Reached skill level 9 in Dodging
 11568 | Bailey   | You add the spells Pain, Stone Arrow, Death Channel and
                  | Death's Door to your library.
 11568 | Bailey   | Got the Incunabulum of Earthen Stolen Souls
 11570 | Bailey   | You pick up a book of Necromancy and begin reading...
 11570 | Bailey   | You add the spells Animate Skeleton and Vampiric Draining
                  | to your library.
 11720 | D:9      | HP: 21/92 [killer bee (5)]
 12195 | D:9      | You are sucked into a shaft and drop 1 floor!
 12195 | D:10     | Entered Level 10 of the Dungeon
 12279 | D:9      | Found a staircase to the Orcish Mines.
 12384 | D:9      | Found a bloodstained altar of Trog.
 12478 | D:9      | Reached skill level 8 in Invocations
 12581 | D:9      | Reached skill level 11 in Fighting
 13024 | D:10     | Found an ancient bone altar of Kikubaaqudgha.
 13081 | D:10     | Noticed a two-headed ogre
 13090 | D:10     | Killed a two-headed ogre
 13091 | D:10     | Reached skill level 1 in Evocations
 13312 | D:10     | Found the +3 warlock's mirror {reflect}
 13377 | D:10     | You pick up a book of the Senses and begin reading...
 13377 | D:10     | You add the spells Agony and Silence to your library.
 13607 | D:11     | Noticed a two-headed ogre
 13613 | D:11     | Noticed a red ugly thing
 13619 | D:11     | Reached skill level 11 in Long Blades
 13685 | D:11     | Found a flickering gateway to a bazaar.
 13703 | Bazaar   | Entered a bazaar
 13720 | Bazaar   | Found Sicoeront's Magic Scroll Emporium.
 13720 | Bazaar   | Found Viwnigru's Weapon Emporium.
 13727 | Bazaar   | Found Aggieran's Magic Scroll Shoppe.
 13730 | Bazaar   | Found Edioc's Book Shoppe.
 13742 | Bazaar   | Found Ciysy's Distillery.
 13773 | Bazaar   | Bought a scroll of brand weapon for 220 gold pieces
 13773 | Bazaar   | Bought a scroll of enchant weapon for 82 gold pieces
 13773 | Bazaar   | Bought a scroll of magic mapping for 38 gold pieces
 13773 | Bazaar   | Bought a scroll of blinking for 82 gold pieces
 13811 | Bazaar   | Bought a potion of mutation for 72 gold pieces
 13811 | Bazaar   | Bought 2 potions of might for 72 gold pieces
 13824 | Bazaar   | Bought 2 scrolls of blinking for 210 gold pieces
 13860 | Bazaar   | Bought a potion of curing for 27 gold pieces
 14025 | D:11     | Found Bimiclem's Weapon Emporium.
 14033 | D:11     | Found Quidghiabb's Armour Emporium.
 14036 | D:11     | Killed a two-headed ogre
 14037 | D:11     | Reached skill level 10 in Dodging
 14037 | D:11     | Reached skill level 1 in Shields
 14037 | D:11     | Reached skill level 2 in Evocations
 14039 | D:11     | Found Doptot's Distillery.
 14050 | D:11     | Found Jynugg's Magic Scroll Emporium.
 14402 | D:11     | Killed a red ugly thing
 14488 | D:11     | Noticed a two-headed ogre
 14499 | D:11     | Killed a two-headed ogre
 14500 | D:11     | Reached skill level 2 in Shields
 14500 | D:11     | Reached XP level 12. HP: 101/101 MP: 18/18
 14586 | D:11     | You are sucked into a shaft and drop 2 floors!
 14586 | D:13     | Noticed a two-headed ogre
 14606 | D:13     | Noticed a centaur warrior
 14613 | D:13     | HP: 14/101 [+4 long sword (18)]
 14614 | D:13     | Found a gate to the Vaults.
 14614 | D:13     | Noticed a centaur warrior
 14657 | D:13     | Killed a two-headed ogre
 14717 | D:13     | HP: 21/101 [+3 long sword (15)]
 14822 | D:13     | Noticed Azrael
 14844 | D:13     | Found a portal to a secret trove of treasure.
 14854 | D:13     | This portal proclaims the superiority of the material over
                  | the divine; those who enter it will find they have lost all
                  | favour with their chosen deity. Enter anyway?
 14855 | Trove    | Entered a treasure trove
 14857 | Trove    | Found the +2 hat of the Bear Spirit {Spirit, *Rage Will++}
 14863 | Trove    | Identified the +1 buckler of Duofigogius {Str+8}
 14866 | Trove    | Identified the +2 cloak of Quantum Leap {Rampage Drain rN+}
 14868 | Trove    | Identified the +13 crystal plate armour of Nihilism {rElec
                  | Int-3 SInv}
 14874 | Trove    | Identified the +1 plate armour "Punnugei" {Dex+3}
 14875 | Trove    | Identified the +1 cloak "Seqofaxe" {rN+++ SInv}
 14876 | Trove    | Identified the +2 pair of gloves "Bareskytu" {Int+2}
 14878 | Trove    | Identified the +4 plate armour "Bidaim" {rC+ rCorr}
 14915 | Trove    | n - the +13 crystal plate armour of Nihilism {rElec Int-3
                  | SInv, rare}
 14931 | Trove    | You finish putting on the +13 crystal plate armour of
                  | Nihilism {rElec Int-3 SInv, rare}.
 15057 | D:13     | HP: 21/101 [hell hound/blast of flame[Azrael] (6)]
 15554 | D:13     | Noticed a centaur warrior
 15579 | D:13     | Killed a centaur warrior
 15587 | D:13     | Reached skill level 6 in Armour
 15788 | D:13     | Killed a centaur warrior
 15789 | D:13     | Reached skill level 12 in Fighting
 15917 | D:13     | Killed a centaur warrior
 15918 | D:13     | Reached skill level 9 in Invocations
 16051 | D:13     | Reached skill level 7 in Armour
 16484 | D:13     | Noticed a centaur warrior
 16500 | D:13     | HP: 24/102 [Azrael/damnation (13)]
 16523 | D:13     | HP: 9/102 [centaur warrior/arrow (15)]
 16528 | D:12     | Noticed Jorgrun
 16528 | D:12     | Noticed Fannar
 16537 | D:13     | Killed a centaur warrior
 17229 | D:13     | Killed Azrael
 17230 | D:13     | Reached skill level 12 in Long Blades
 17230 | D:13     | Reached skill level 8 in Armour
 17762 | D:13     | Killed Fannar
 18086 | D:12     | Killed Jorgrun
 18087 | D:12     | Reached skill level 9 in Armour
 18200 | D:12     | Gained mutation: You can hop long distances. [Barachi
                  | growth]
 18200 | D:12     | Reached XP level 13. HP: 109/109 MP: 19/19
 18248 | D:12     | You pick up a book of Frost and begin reading...
 18248 | D:12     | You add the spells Freeze, Frozen Ramparts and Hailstorm to
                  | your library.
 18373 | D:12     | Reached skill level 13 in Fighting
 18387 | D:12     | Noticed Erolcha
 18392 | D:12     | Killed Erolcha
 18393 | D:12     | Reached skill level 10 in Armour
 18427 | D:12     | Reached * piety under Lugonu
 18801 | D:12     | Noticed Snorg
 18820 | D:12     | Killed Snorg
 19055 | D:12     | Reached skill level 13 in Long Blades
 19082 | D:12     | Reached skill level 11 in Armour
 19119 | D:12     | Found a blossoming altar of Fedhas.
 19603 | Lair:1   | Entered Level 1 of the Lair of Beasts
 19730 | Lair:1   | Reached ** piety under Lugonu
 20149 | Lair:1   | You are sucked into a shaft and drop 1 floor!
 20149 | Lair:2   | Found a gate leading to a gauntlet.
 20165 | Gauntlet | Entered a Gauntlet
 20165 | Gauntlet | Found a runed translucent gate.
 20165 | Gauntlet | Found a transporter.
 20165 | Gauntlet | Found a runed translucent gate.
 20165 | Gauntlet | Found a runed translucent gate.
 20165 | Gauntlet | Found a transporter.
 20200 | Gauntlet | Found a runed translucent door.
 20200 | Gauntlet | Found a transporter.
 20201 | Gauntlet | Found a runed translucent door.
 20213 | Gauntlet | Found a transporter.
 20231 | Gauntlet | Found a transporter.
 20231 | Gauntlet | Found a transporter.
 20231 | Gauntlet | Found a transporter.
 20233 | Gauntlet | Found a transporter.
 20235 | Gauntlet | Found a transporter.
 20248 | Gauntlet | Found a transporter.
 20263 | Gauntlet | Found a transporter.
 20273 | Gauntlet | Found a transporter.
 20292 | Gauntlet | Found a transporter.
 20308 | Gauntlet | Found a transporter.
 20451 | Gauntlet | Identified the ring "Hymesaze" {rPois Will- Str+3 Int+4}
 20460 | Gauntlet | Identified the +3 helmet "Ofoam" {Dex+3}
 20481 | Gauntlet | Reached skill level 12 in Armour
 20539 | Gauntlet | Identified the ring of Conformity {Fly rCorr}
 20633 | Gauntlet | Identified the +6 flail "Tyudonuam" {freeze, Int+6}
 20633 | Gauntlet | Identified the +2 crystal plate armour of Negation {Dex+2}
 20633 | Gauntlet | Noticed a minotaur
 20655 | Gauntlet | Killed a minotaur
 20714 | Gauntlet | Could not pick up the +6 flail "Tyudonuam" {freeze, Int+6}
                  | and the +2 crystal plate armour of Negation {Dex+2, rare}
                  | here; ([A]lways) ignore them?
 20722 | Gauntlet | You pick up a book of Changes and begin reading...
 20722 | Gauntlet | You add the spells Beastly Appendage, Wereblood and Spider
                  | Form to your library.
 20911 | Lair:2   | Reached skill level 14 in Fighting
 21229 | Lair:2   | Reached skill level 13 in Armour
 21343 | Lair:2   | Reached skill level 14 in Long Blades
 21343 | Lair:2   | Reached XP level 14. HP: 120/120 MP: 20/20
 21355 | Lair:2   | Found a hole to the Spider Nest.
 22228 | Lair:3   | Noticed Rupert
 22238 | Lair:3   | Killed Rupert
 22854 | Lair:3   | Identified a scroll of acquirement
 22857 | Lair:3   | Acquired the +2 helmet of the Soldier {Str+4}
 23453 | Lair:4   | Reached skill level 14 in Armour
 23472 | Lair:4   | You pick up a book of the Warp and begin reading...
 23472 | Lair:4   | You add the spells Dispersal and Disjunction to your
                  | library.
 23747 | Lair:4   | You pick up a book of Iron and begin reading...
 23747 | Lair:4   | You add the spells Animate Armour, Blade Hands and Iron
                  | Shot to your library.
 23775 | Lair:4   | Reached skill level 15 in Fighting
 24162 | Lair:4   | Reached skill level 15 in Armour
 24217 | Lair:4   | Found a staircase to the Swamp.
 24226 | Lair:4   | Reached skill level 3 in Shields
 24542 | Lair:5   | Identified a potion of experience
 24543 | Lair:5   | Reached skill level 7 in Shields
 24543 | Lair:5   | Reached XP level 15. HP: 129/129 MP: 21/21
 24853 | Lair:5   | Reached skill level 8 in Shields
 25349 | Lair:6   | Entered Level 6 of the Lair of Beasts
 25356 | Lair:6   | Noticed Sonja
 25362 | Lair:6   | Killed Sonja
 25366 | Lair:6   | Reached skill level 16 in Armour
 26022 | Lair:6   | Found a staircase to the Slime Pits.
 26045 | Lair:6   | Reached XP level 16. HP: 138/138 MP: 22/22
 26448 | Lair:6   | Reached skill level 16 in Fighting
 26617 | Lair:6   | Reached skill level 9 in Shields
 26733 | Lair:6   | Reached skill level 17 in Armour
 27142 | Lair:6   | You pick up a book of Flames and begin reading...
 27142 | Lair:6   | You add the spells Foxfire, Conjure Flame, Inner Flame and
                  | Flame Wave to your library.
 27638 | Orc:1    | Entered Level 1 of the Orcish Mines
 27644 | Orc:1    | Noticed Urug
 27972 | D:9      | Killed Urug
 28795 | Orc:2    | Entered Level 2 of the Orcish Mines
 28867 | Orc:2    | Reached ****** piety under Lugonu
 29447 | Orc:2    | Found a staircase to the Elven Halls.
 29452 | Orc:2    | Found a transporter.
 29467 | Orc:2    | Noticed Bearnado's ghost (journeyman MiBe)
 29618 | Orc:2    | Reached skill level 10 in Shields
 29986 | Orc:2    | Found a transporter.
 30047 | Orc:2    | Found Remosum's Antique Armour Boutique.
 30047 | Orc:2    | Found Vorukhuc's Weapon Shoppe.
 30111 | Orc:2    | Found Sohuacwasta's Antique Weapon Emporium.
 30114 | Orc:2    | Found Ulu Natt's Jewellery Shop.
 30277 | Orc:2    | Reached skill level 18 in Armour
 30305 | Orc:2    | Killed Bearnado's ghost
 30517 | Orc:2    | Bought a pair of runed boots for 225 gold pieces
 30872 | D:14     | Found an iron altar of Okawaru.
 31124 | D:14     | You pick up a book of Touch and begin reading...
 31124 | D:14     | You add the spells Static Discharge, Sticky Flame and
                  | Dispel Undead to your library.
 31224 | D:14     | You pick up a book of the Tundra and begin reading...
 31224 | D:14     | You add the spells Ice Form and Simulacrum to your library.
 31256 | D:14     | Noticed Nessos
 31259 | D:14     | Killed Nessos
 31682 | D:14     | You pick up a book of Weapons and begin reading...
 31801 | D:15     | Entered Level 15 of the Dungeon
 32145 | D:15     | Reached skill level 17 in Fighting
 32306 | D:15     | HP: 9/141 [fire dragon/blast of flame (47)]
 33195 | D:15     | Found a staircase to the Depths.
 33466 | D:11     | Bought a potion of curing for 30 gold pieces
 33466 | D:11     | Bought a potion of curing for 30 gold pieces
 33466 | D:11     | Bought a potion of heal wounds for 50 gold pieces
 33466 | D:11     | Bought a potion of might for 40 gold pieces
 33466 | D:11     | Bought a potion of curing for 30 gold pieces
 33466 | D:11     | Bought a potion of mutation for 80 gold pieces
 33466 | D:11     | Bought a potion of resistance for 100 gold pieces
 33466 | D:11     | Bought a potion of curing for 30 gold pieces
 33474 | D:11     | Bought a scroll of teleportation for 42 gold pieces
 33474 | D:11     | Bought a scroll of magic mapping for 49 gold pieces
 33474 | D:11     | Bought a scroll of blinking for 105 gold pieces
 33635 | Spider:1 | Entered Level 1 of the Spider Nest
 34234 | Spider:1 | Reached XP level 17. HP: 133/139 MP: 21/23
 34277 | Spider:1 | You pick up a book of Party Tricks and begin reading...
 34277 | Spider:1 | You add the spells Apportation and Alistair's Intoxication
                  | to your library.
 34309 | Spider:1 | Reached skill level 19 in Armour
 34404 | Spider:1 | Reached skill level 11 in Shields
 35956 | Spider:2 | You add the spells Sting, Poisonous Vapours and Olgreb's
                  | Toxic Radiance to your library.
 36680 | Spider:3 | Reached skill level 3 in Evocations
 36793 | Spider:3 | Reached skill level 20 in Armour
 37569 | Spider:3 | Reached skill level 18 in Fighting
 37569 | Spider:3 | Reached skill level 12 in Shields
 37766 | Spider:3 | Reached skill level 4 in Evocations
 38100 | Spider:3 | Identified the +0 robe "Aluck" {rPois rF+ Will+ MP+9}
 39287 | Spider:4 | Entered Level 4 of the Spider Nest
 39292 | Spider:4 | Noticed Arachne
 39545 | Spider:3 | HP: 37/149 [poisoned by Arachne (poison arrow)]
 39994 | Spider:3 | Killed Arachne
 40788 | Spider:3 | Reached skill level 5 in Evocations
 40797 | Spider:3 | HP: 65/286 [pharaoh ant (15)]
 40804 | Spider:3 | HP: 19/140 [pharaoh ant (6)]
 40807 | Spider:3 | HP: 9/140 [wolf spider (13)]
 40807 | Spider:3 | Slain by a wolf spider

Vanquished Creatures
  Arachne (Spider:3)
  Jorgrun (D:12)
  An orc warlord (Orc:1)
  6 ghost moths
  2 emperor scorpions (Spider:3)
  2 broodmothers
  Nessos (D:14)
  The ghost of Bearnado the Impaler, a journeyman MiBe of Trog (Orc:2)
  Azrael (D:13)
  3 entropy weavers
  2 spark wasps
  A minotaur (Gauntlet)
  Snorg (D:12)
  An ettin (Orc:2)
  2 fire dragons (D:15)
  Fannar (D:13)
  3 hydras
  3 boulder beetles
  Erolcha (D:12)
  A jorogumo (Spider:1)
  A catoblepas (Lair:5)
  6 centaur warriors
  A dancing weapon (D:13)
  A radroach (Spider:1)
  7 two-headed ogres
  8 death yaks
  A hell hog (Gauntlet)
  3 orc high priests (Orc:1)
  Urug (D:9)
  Sonja (Lair:6)
  6 pharaoh ants
  A sun moth (Spider:3)
  7 steelbarb worms
  9 orb spiders
  2 bog bodies (Lair:4)
  An orange crystal statue (D:12)
  A wizard (Gauntlet)
  An ugly thing (D:11)
  3 orc knights (Orc:2)
  5 cyclopes
  6 wolf spiders (Spider:3)
  3 moths of wrath
  A manticore (D:13)
  An ice statue (D:12)
  6 black mambas
  3 torpor snails
  14 elephants
  13 cane toads
  2 unseen horrors
  A gargoyle (D:12)
  7 rime drakes
  8 demonic crawlers
  7 komodo dragons
  An efreet (D:13)
  A freezing wraith (D:14)
  A queen bee (D:12)
  6 polar bears
  10 meliai
  7 trolls
  6 hornets
  14 tarantellas
  17 blink frogs
  10 slime creatures
  10 dream sheep (Lair:4)
  18 jumping spiders
  13 spriggans (Lair:6)
  3 wraiths
  18 culicivoras
  2 shadows
  45 yaks
  5 basilisks
  4 fire bats (Gauntlet)
  3 fire elementals (D:13)
  2 wyverns
  29 redbacks
  6 swamp worms
  3 wargs
  An acid dragon (D:10)
  18 water moccasins
  5 hell hounds
  4 black bears
  44 orc warriors
  3 ice beasts
  27 wolves
  10 ogres
  24 centaurs
  4 boggarts (Lair:6)
  4 phantoms
  2 kobold brigands
  7 bullfrogs
  10 gnoll sergeants
  A necrophage (D:5)
  3 scorpions
  11 wights
  25 killer bees
  5 howler monkeys
  2 electric eels
  15 orc priests
  Crazy Yiuf (D:6)
  6 gnoll shamans
  4 hounds
  15 jellies
  6 iguanas
  17 orc wizards
  24 gnolls
  10 adders
  2 river rats (Sewer)
  5 white imps
  2 ufetubi (D:7)
  3 worms
  4 dart slugs
  57 orcs
  12 ball pythons
  8 bats
  4 bat zombies (D:10)
  5 endoplasms
  5 giant cockroaches
  11 goblins
  8 hobgoblins
  8 jackals
  9 kobolds
  7 quokkas
  8 frilled lizards
  5 rats
  A rat zombie (D:10)
879 creatures vanquished.

Vanquished Creatures (collateral kills)
  Rupert (Lair:3)
  A killer bee (D:12)
2 creatures vanquished.

Vanquished Creatures (others)
  A two-headed ogre (D:13)
  A wizard (Gauntlet)
  A centaur (Orc:2)
  2 killer bees (D:12)
  A howler monkey (D:13)
  2 shadow imps (Gauntlet)
  5 demonic plants (Gauntlet)
  21 fungi
  16 plants
50 creatures vanquished.

Grand Total: 931 creatures vanquished

Table legend:
 A = Non-vault XP
 B = Vault XP
 C = Vault XP percentage of total XP
 D = Non-vault monster count
 E = Vault monster count
 F = Vault count percentage of total count
                 A         B        C        D         E       F
            +---------+---------+-------+---------+---------+-------
      Total |  140305 |   60886 |  30.3 |     606 |     295 |  32.7
            +---------+---------+-------+---------+---------+-------
        D:1 |      26 |       5 |  16.1 |      13 |       1 |   7.1
        D:2 |      45 |       0 |   0.0 |      13 |       0 |   0.0
        D:3 |     117 |       9 |   7.1 |       9 |       5 |  35.7
        D:4 |     303 |       0 |   0.0 |      22 |       0 |   0.0
        D:5 |     984 |       0 |   0.0 |      17 |       0 |   0.0
        D:6 |    1442 |     328 |  18.5 |      24 |      11 |  31.4
        D:7 |     834 |       0 |   0.0 |      12 |       0 |   0.0
        D:8 |     843 |    4055 |  82.8 |      17 |       5 |  22.7
        D:9 |    5075 |     792 |  13.5 |      55 |       5 |   8.3
       D:10 |    2284 |       9 |   0.4 |      14 |       5 |  26.3
       D:11 |    3139 |       0 |   0.0 |      19 |       0 |   0.0
       D:12 |    3795 |    6696 |  63.8 |      12 |      30 |  71.4
       D:13 |    5648 |    4566 |  44.7 |      17 |      10 |  37.0
       D:14 |    3407 |     953 |  21.9 |       7 |       1 |  12.5
       D:15 |    3674 |    1738 |  32.1 |      13 |       2 |  13.3
     Lair:1 |    4464 |       0 |   0.0 |      22 |       0 |   0.0
     Lair:2 |    6828 |     865 |  11.2 |      27 |       4 |  12.9
     Lair:3 |    2064 |    1709 |  45.3 |       8 |       1 |  11.1
     Lair:4 |   10545 |    1891 |  15.2 |      41 |       6 |  12.8
     Lair:5 |    7169 |    2822 |  28.2 |      14 |       6 |  30.0
     Lair:6 |   13364 |    9540 |  41.7 |      44 |      58 |  56.9
   Spider:1 |   20599 |       0 |   0.0 |      49 |       0 |   0.0
   Spider:2 |    5761 |       0 |   0.0 |      12 |       0 |   0.0
   Spider:3 |   30985 |    7614 |  19.7 |      65 |      14 |  17.7
   Spider:4 |     232 |       0 |   0.0 |       1 |       0 |   0.0
      Orc:1 |    4815 |    1780 |  27.0 |      38 |       7 |  15.6
      Orc:2 |    1863 |    9699 |  83.9 |      21 |      41 |  66.1
      Sewer |       0 |     160 | 100.0 |       0 |      35 | 100.0
     Bailey |       0 |    1645 | 100.0 |       0 |      33 | 100.0
   Gauntlet |       0 |    4010 | 100.0 |       0 |      15 | 100.0
            +---------+---------+-------+---------+---------+-------

Illustrated notes

Table legend:
 A = Kills in this place as a percentage of kills in entire the game.
 B = Kills by you in this place as a percentage of kills by you in the entire game.
 C = Kills by friends in this place as a percentage of kills by friends in the entire game.
 D = Other kills in this place as a percentage of other kills in the entire game.
 E = Experience gained in this place as a percentage of experience gained in the entire game.
 F = Experience gained in this place divided by the number of levels of this place that you have seen.
                   A       B       C       D       E      F
               +-------+-------+-------+-------+-------+----------------------
         Total | 100.0 | 100.0 | 100.0 | 100.0 | 100.0 | 6096.7
       Dungeon |  37.6 |  36.0 |  50.0 |  73.7 |  25.2 | 3384.5
          Lair |  25.6 |  26.2 |  50.0 |  10.5 |  30.4 | 10210.2
   Spider Nest |  15.6 |  16.1 |   0.0 |   5.3 |  32.4 | 16297.8
  Orcish Mines |  11.9 |  12.3 |   0.0 |   2.6 |   9.0 | 9078.5
         Sewer |   3.9 |   3.7 |   0.0 |   7.9 |   0.1 | 160.0
        Bailey |   3.7 |   3.8 |   0.0 |   0.0 |   0.8 | 1645.0
      Gauntlet |   1.7 |   1.7 |   0.0 |   0.0 |   2.0 | 4010.0
               +-------+-------+-------+-------+-------+----------------------

Table legend: (Time is in decaauts)
 A = Elapsed time spent in this place.
 B = Non-inter-level travel time spent in this place.
 C = Inter-level travel time spent in this place.
 D = Time resting spent in this place.
 E = Time spent auto-exploring this place.
 F = Levels seen in this place.
 G = Mean time per level.
                   A        B        C        D        E       F      G
               +--------+--------+--------+--------+--------+-----+--------+
         Total |  44939 |  43168 |   1771 |  12916 |  21945 |  33 | 1361.8 |
       Dungeon |  23180 |  21970 |   1210 |   6186 |  12023 |  15 | 1545.3 |
          Lair |   8214 |   7837 |    377 |   1582 |   5043 |   6 | 1369.0 |
   Spider Nest |   7630 |   7569 |     61 |   3654 |   2791 |   4 | 1907.5 |
  Orcish Mines |   2564 |   2442 |    122 |    996 |    884 |   2 | 1282.0 |
         Abyss |      5 |      5 |      0 |      0 |      1 |   1 |    5.0 |
        Bazaar |    216 |    216 |      0 |      0 |     50 |   1 |  216.0 |
         Trove |    150 |    150 |      0 |      0 |      1 |   1 |  150.0 |
         Sewer |    763 |    763 |      0 |      0 |    568 |   1 |  763.0 |
        Bailey |   1460 |   1460 |      0 |    211 |    326 |   1 | 1460.0 |
      Gauntlet |    754 |    754 |      0 |    285 |    255 |   1 |  754.0 |
               +--------+--------+--------+--------+--------+-----+--------+

Top non-repeatable levels by time:
Spider:3: 4359 daAuts
    D:13: 3604 daAuts
     D:9: 2393 daAuts
  Lair:6: 2254 daAuts
Spider:1: 2251 daAuts
     D:8: 1947 daAuts
     D:6: 1833 daAuts
    D:15: 1742 daAuts
   Orc:1: 1524 daAuts
  Lair:3: 1462 daAuts
  Bailey: 1460 daAuts
    D:12: 1386 daAuts
  Lair:4: 1305 daAuts
     D:5: 1288 daAuts
    D:11: 1271 daAuts
